 Dungeon Sprint DCSS version 0.31-a0-66-ge618eeaa78 (webtiles) character file.

Game seed: 11431180423519312986

10700 sircluck the Wrestler (level 11, -8/120 HPs)
             Began as a Troll Berserker on May 22, 2023.
             Was the Champion of Trog.
             Mangled by a sun demon (14 damage)
             ... summoned by an orc high priest
             ... in the Dungeon (Sprint IX: "|||||||||||||||||||||||||||||").
             The game lasted 00:03:49 (760 turns).

sircluck the Wrestler (Troll Berserker)              Turns: 760, Time: 00:03:50

Health: -8/120     AC:  5    Str: 34    XL:     11   Next: 39%
Magic:  10/10      EV: 12    Int:  3    God:    Trog [******]
Gold:   15         SH:  0    Dex:  9    Spells: 10/10 levels left

rFire   . .          .
                       - Unarmed
rCold   . . .        (no shield)
rNeg    . . .        m - +0 troll leather armour
rPois   .            (helmet restricted)
rElec   .            j - +0 cloak
rCorr   .            (gloves unavailable)
SInv    .            (boots unavailable)
Will    .....        (no amulet)
Stlth   +            l - +2 ring of protection
HPRegen 2.00/turn    k - +3 ring of strength
MPRegen 0.12/turn

%: no teleportation
@: corroded
A: large, unfitting armour, claws 3, regeneration 1, shaggy fur 1, tough skin 1,
subdued magic 1
a: Renounce Religion, Berserk, Trog's Hand, Brothers in Arms


You were in the Dungeon.
You worshipped Trog.
Trog was exalted by your worship.
You visited 1 branch You collected 15 gold pieces.

Inventory:

Missiles
 v - 6 stones (quivered)
Armour
 a - a +0 animal skin
 j - a +0 cloak (worn)
 m - a +0 troll leather armour (worn)
Jewellery
 k - a +3 ring of strength (right claw)
 l - a +2 ring of protection (left claw)
Wands
 i - a wand of iceblast (10)
Scrolls
 g - 2 scrolls of blinking
 o - a scroll of fog
 p - 2 scrolls of enchant weapon
 q - 2 scrolls of enchant armour
 r - a scroll of identify
 s - a scroll of fear
 u - a scroll of brand weapon
Potions
 b - 6 potions of curing
 c - 8 potions of heal wounds
 d - a potion of haste
 e - 4 potions of magic
 f - a potion of berserk rage
 h - a potion of invisibility
 n - a potion of might
 t - a potion of resistance


   Skills:
 + Level 11.2 Fighting
 + Level 4.3 Armour
 + Level 11.2 Dodging
 + Level 0.6 Stealth
 + Level 21.2 Unarmed Combat


You had 10 spell levels left.
You didn't know any spells.
Your spell library was empty.

Dungeon Overview and Level Annotations

Branches:
Dungeon (1/1)

Altars:
Cheibriados
Dithmenos
Elyvilon
Fedhas
Gozag
Hepliaklqana
Kikubaaqudgha
Makhleb
Nemelex Xobeh
Okawaru
Qazlal
Ru
Sif Muna
Trog
Uskayaw
Vehumet
Wu Jian
Xom
Yredelemnul
Zin
The Shining One
Jiyva
Lugonu


Innate Abilities, Weirdness & Mutations

You are too large for most types of armour.
You have claws for hands.
Your natural rate of healing is unusually fast.
You are covered in fur. (AC +1)
You have tough skin. (AC +1)
Your spells are a little easier to cast, but a little less powerful.


Message History

You claw the rust devil, but do no damage.
The rust devil is severely wounded.
The rust devil closely misses you.
You closely miss the rust devil.
The rust devil is severely wounded.
The orc high priest intones a terrible prayer.
The orc high priest prays to Beogh.
You closely miss the rust devil. You claw the rust devil.
The rust devil is severely wounded.
The rust devil hits you. The rust devil corrodes you!
Unknown command.
You scratch the rust devil.
The rust devil is almost dead.
The orc priest looks encouraged for a moment.
You hear a shout!
You mangle the rust devil!!
You kill the rust devil!
The rust devil disappears in a puff of smoke!
You mangle the sun demon!!
The sun demon is moderately wounded.
You claw the sun demon!
The sun demon is heavily wounded.
The sun demon closely misses you.
The orc priest invokes the aid of Beogh against you.
Beogh smites you!
You mangle the sun demon!!
The sun demon is almost dead.
The sun demon hits you!
You are engulfed in flames!!
You closely miss the sun demon.
The sun demon is almost dead.
You barely miss the sun demon.
The sun demon is almost dead.
The sun demon hits you!!
You are engulfed in flames!
* * * LOW HITPOINT WARNING * * *
You scratch the sun demon.
The sun demon is almost dead.
The sun demon hits you!!
* * * LOW HITPOINT WARNING * * *
You are engulfed in flames!
You die...

_______________'.....)....÷†.).<▓
▓▓▓▓▓▓▓▓▓▓▓▓▓▓▓▓▓▓▓▓▓▓▓▓▓▓▓▓▓▓▓▓▓
................................▓
▓▓▓▓▓▓▓▓▓▓▓▓▓▓▓▓▓▓▓▓▓▓▓▓▓▓▓▓▓▓▓.▓
').......††.....?)......'.......▓
▓▓▓▓▓▓▓▓▓▓▓▓▓▓▓▓▓▓▓▓▓▓▓▓▓▓▓▓▓▓▓▓▓
................................▓
▓▓▓▓▓▓▓▓▓▓▓▓▓▓▓▓▓▓▓▓▓▓▓▓▓▓▓▓▓▓▓.▓
.ooooo3@$))............▓
▓▓▓▓▓▓▓▓▓▓▓▓▓▓▓▓▓▓▓▓▓▓▓▓


You could see an orc knight, an orc high priest (strong), a sun demon
(summoned), an orc priest (strong) and 2 orcs.

Vanquished Creatures
  A two-headed ogre (D)
  A centaur warrior (D)
  A catoblepas (D)
  4 death yaks (D)
  A black mamba (D)
  4 cane toads (D)
  An unseen horror (D)
  A troll (D)
  3 yaks (D)
  A basilisk (D)
  2 water moccasins (D)
  An acid dragon (D)
  2 black bears (D)
  A wolf (shapeshifter) (D)
  A scorpion (D)
  3 bullfrogs (D)
  3 howler monkeys (D)
  2 orc priests (D)
  2 orc wizards (D)
  2 adders (D)
  3 orcs (D)
  An endoplasm (D)
  A hobgoblin (D)
  A quokka (D)
  2 rats (D)
45 creatures vanquished.

Vanquished Creatures (collateral kills)
  A hydra (D)
  2 death yaks (D)
  A skyshark (D)
  2 komodo dragons (D)
  A dream sheep (D)
  A water moccasin (D)
8 creatures vanquished.

Grand Total: 53 creatures vanquished

Notes
Turn   | Place    | Note
-------+----------+-------------------------------------------
     0 | D        | sircluck the Troll Berserker began the quest for the Orb.
     0 | D        | Reached XP level 1. HP: 22/22 MP: 0/0
     9 | D        | Reached ** piety under Trog
    21 | D        | Noticed a scorpion
    21 | D        | Noticed a black bear
    26 | D        | Killed a black bear
    27 | D        | Reached skill level 6 in Unarmed Combat
    27 | D        | Reached XP level 2. HP: 18/33 MP: 1/1
    27 | D        | Reached XP level 3. HP: 22/40 MP: 2/2
    27 | D        | Reached XP level 4. HP: 28/49 MP: 3/3
    27 | D        | Reached *** piety under Trog
    37 | D        | Killed a scorpion
    38 | D        | Reached skill level 5 in Fighting
    38 | D        | Reached skill level 5 in Dodging
    38 | D        | Reached skill level 7 in Unarmed Combat
    38 | D        | Reached XP level 5. HP: 41/57 MP: 4/4
    45 | D        | Found a snail-covered altar of Cheibriados.
    45 | D        | Found a shadowy altar of Dithmenos.
    45 | D        | Found a white marble altar of Elyvilon.
    45 | D        | Found a blossoming altar of Fedhas.
    45 | D        | Found an opulent altar of Gozag.
    46 | D        | Found a hazy altar of Hepliaklqana.
    47 | D        | Found a viscous altar of Jiyva.
    48 | D        | Found an ancient bone altar of Kikubaaqudgha.
    49 | D        | Found a corrupted altar of Lugonu.
    50 | D        | Found a burning altar of Makhleb.
    51 | D        | Found a sparkling altar of Nemelex Xobeh.
    52 | D        | Found an iron altar of Okawaru.
    53 | D        | Found a stormy altar of Qazlal.
    54 | D        | Found a sacrificial altar of Ru.
    55 | D        | Found a shimmering blue altar of Sif Muna.
    56 | D        | Found a bloodstained altar of Trog.
    57 | D        | Found a hide-covered altar of Uskayaw.
    58 | D        | Found a radiant altar of Vehumet.
    59 | D        | Found an ornate altar of the Wu Jian Council.
    60 | D        | Found a shimmering altar of Xom.
    61 | D        | Found a basalt altar of Yredelemnul.
    62 | D        | Found a glowing silver altar of Zin.
    63 | D        | Found a glowing golden altar of the Shining One.
    97 | D        | Noticed an acid dragon
    97 | D        | Noticed a yak
    99 | D        | Reached **** piety under Trog
   100 | D        | Reached skill level 8 in Unarmed Combat
   107 | D        | Killed a yak
   108 | D        | Reached skill level 9 in Unarmed Combat
   108 | D        | Reached XP level 6. HP: 64/68 MP: 5/5
   109 | D        | Reached skill level 10 in Unarmed Combat
   111 | D        | Killed an acid dragon
   111 | D        | Reached ***** piety under Trog
   112 | D        | Reached XP level 7. HP: 45/78 MP: 6/6
   119 | D        | Noticed a troll
   119 | D        | Noticed a two-headed ogre
   119 | D        | Noticed a centaur warrior
   119 | D        | Noticed a basilisk
   143 | D        | Killed an unseen horror
   144 | D        | Reached skill level 11 in Unarmed Combat
   159 | D        | Killed a basilisk
   160 | D        | Reached skill level 12 in Unarmed Combat
   164 | D        | Killed a centaur warrior
   164 | D        | Received a gift from Trog
   165 | D        | Reached skill level 13 in Unarmed Combat
   165 | D        | Reached XP level 8. HP: 14/91 MP: 7/7
   243 | D        | Killed a two-headed ogre
   244 | D        | Reached skill level 14 in Unarmed Combat
   244 | D        | Reached XP level 9. HP: 65/98 MP: 8/8
   247 | D        | Killed a troll
   248 | D        | Reached skill level 15 in Unarmed Combat
   481 | D        | Noticed a black mamba
   481 | D        | Noticed a cane toad
   481 | D        | Noticed a cane toad
   487 | D        | Killed a cane toad
   491 | D        | Reached skill level 16 in Unarmed Combat
   494 | D        | Killed a cane toad
   495 | D        | Reached skill level 10 in Fighting
   500 | D        | Killed a black mamba
   502 | D        | Reached skill level 1 in Armour
   502 | D        | Reached ****** piety under Trog
   507 | D        | Reached skill level 17 in Unarmed Combat
   507 | D        | Reached XP level 10. HP: 108/110 MP: 9/9
   516 | D        | Noticed a skyshark
   516 | D        | Noticed a five-headed hydra
   517 | D        | Received a gift from Trog
   521 | D        | Killed a four-headed hydra
   522 | D        | Reached skill level 10 in Dodging
   526 | D        | Killed a skyshark
   527 | D        | Reached skill level 18 in Unarmed Combat
   535 | D        | Noticed a cane toad
   535 | D        | Noticed a cane toad
   539 | D        | Killed a cane toad
   541 | D        | Killed a cane toad
   542 | D        | Reached skill level 19 in Unarmed Combat
   548 | D        | Noticed a death yak
   548 | D        | Noticed a death yak
   548 | D        | Noticed a death yak
   548 | D        | Noticed a death yak
   548 | D        | Noticed a death yak
   549 | D        | Noticed a catoblepas
   552 | D        | Killed a death yak
   553 | D        | Killed a death yak
   567 | D        | Noticed a death yak
   570 | D        | Killed a death yak
   570 | D        | Received a gift from Trog
   571 | D        | Reached skill level 20 in Unarmed Combat
   571 | D        | Reached XP level 11. HP: 112/119 MP: 10/10
   581 | D        | Killed a death yak
   583 | D        | Killed a death yak
   589 | D        | Killed a catoblepas
   593 | D        | Killed a death yak
   594 | D        | Reached skill level 21 in Unarmed Combat
   619 | D        | Gained mutation: Your spells are a little easier to cast,
                  | but a little less powerful. [potion of mutation]
   738 | D        | Noticed an orc high priest
   739 | D        | Received a gift from Trog
   741 | D        | Noticed an orc knight
   752 | D        | Noticed a sun demon
   760 | D        | HP: 6/120 [sun demon[an orc high priest] (22)]
   760 | D        | Mangled by a sun demon

Illustrated notes

Levels and vault maps discovered:
D:        linesprint [early_d, line_temple, items_1, d_10, items_2, lair_1,
          lair_end, items_3, orc_1, orc_end, items_4, d_15, swamp_1, shoals_1,
          snake_1, spider_1, d_20, vaults_1, items_5, swamp_end, shoals_end,
          snake_end, spider_end, vaults_end, d_27, items_6, zot_1, zot_end,
          crypt_end, forest_end, elf_end, slime_end, tomb_end, abyss_end,
          pan_hell_end]

Skill      XL: |  1  2  3  4  5  6  7  8  9 10 11 |
---------------+----------------------------------+-----
Fighting       | 4 5 6 7 8 9 10 11 | 11.2
Dodging        | 4 5 6 7 8 9 10 11 | 11.2
Unarmed Combat | 6 7 9 10 13 14 17 20 21 | 21.2
Armour         | 1 3 4 |  4.3
Stealth        | |  0.6

Action                     |  1- 3 |  4- 6 |  7- 9 | 10-12 || total
---------------------------+-------+-------+-------+-------++-------
  Melee: Unarmed           |    16 |    25 |    56 |    50 ||   147
         Punch             |       |     2 |     7 |     5 ||    14
 Invoke: Brothers in Arms  |       |       |       |     1 ||     1
    Use: Potion            |       |       |     1 |     1 ||     2
         Scroll            |       |       |     1 |       ||     1
 Armour: Animal skin       |     3 |     3 |     8 |       ||    14
         Troll leather arm |       |       |       |     3 ||     3
  Dodge: Dodged            |     6 |    10 |    22 |    14 ||    52

Table legend: (Time is in decaauts)
 A = Elapsed time spent in this place.
 B = Non-inter-level travel time spent in this place.
 C = Inter-level travel time spent in this place.
 D = Time resting spent in this place.
 E = Time spent auto-exploring this place.
 F = Levels seen in this place.
 G = Mean time per level.
                   A        B        C        D        E       F      G
               +--------+--------+--------+--------+--------+-----+--------+
         Total |    723 |    723 |      0 |     38 |    143 |   1 |  723.0 |
       Dungeon |    723 |    723 |      0 |     38 |    143 |   1 |  723.0 |
               +--------+--------+--------+--------+--------+-----+--------+

Top non-repeatable levels by time:
       D: 723 daAuts
